 Dungeon Crawl Stone Soup version 0.30.0-29-ga12c61a403 (webtiles) character file.

Game seed: 532208739523803362

79818 disskorpion the Markskobold (level 16, -9/105 HPs)
             Began as a Kobold Hunter on June 20, 2023.
             Was the Champion of Nemelex Xobeh.
             Killed from afar by Azrael the hell hog (39 damage)
             ... with a fireball
             ... on level 1 of the Spider Nest.
             The game lasted 01:47:23 (27253 turns).

disskorpion the Markskobold (Kobold Hunter)        Turns: 27253, Time: 01:47:23

Health: -9/105     AC:  9    Str:  9    XL:     16   Next: 12%
Magic:  24/24      EV: 38    Int: 11    God:    Nemelex Xobeh [******]
Gold:   1983       SH:  0    Dex: 25    Spells: 12/15 levels left

rFire   . . .        a - +1 shortbow (heavy)
rCold   . . .        (shield currently unavailable)
rNeg    + . .        Z - +2 troll leather armour of Monufroi {Drain rPois rN+ Regen+ rCorr}
rPois   +            H - +0 hat "Zosch" {Will+}
rElec   .            E - scarf {+Inv}
rCorr   +            q - +0 pair of gloves
SInv    .            k - +0 pair of boots
Will    ++...        I - amulet of regeneration
Stlth   ++++++       B - +5 ring of evasion
HPRegen 1.97/turn    M - +5 ring of evasion
MPRegen 0.19/turn

%: no passive effects
@: no status effects
A: small, no large weapons, nightstalker 3
a: Renounce Religion, Evoke Invisibility, Draw Escape, Draw Destruction, Draw
Summoning, Triple Draw, Deal Four, Stack Five


You were on level 1 of the Spider Nest.
You worshipped Nemelex Xobeh.
Nemelex Xobeh was exalted by your worship.
You visited 5 branches of the dungeon, and saw 24 of its levels.

You collected 2361 gold pieces.
You spent 378 gold pieces at shops.

Inventory:

Hand Weapons
 a - a +1 heavy shortbow (weapon)
 g - a +4 arbalest of flaming
 C - a +0 arbalest
Armour
 k - a +0 pair of boots (worn)
 q - a +0 pair of gloves (worn)
 E - a scarf of invisibility (worn)
 H - the +0 hat "Zosch" (worn) {Will+}
   (You acquired it on level 1 of the Orcish Mines)

   Will:      It increases your willpower.
 Z - the +2 troll leather armour of Monufroi (worn) {Drain rPois rN+ Regen+ rCorr}
   (You found it on level 3 of the Dungeon)

   rPois:     It protects you from poison.
   rN:        It protects you from negative energy.
   Regen:     It increases your rate of health regeneration.
   rCorr:     It protects you from acid and corrosion.
   Drain:     It drains your maximum health when unequipped.
Jewellery
 j - a ring of resist corrosion
 s - a ring of see invisible
 B - a +5 ring of evasion (left hand)
 I - an amulet of regeneration (around neck)
 K - a ring of ice
 M - a +5 ring of evasion (right hand)
 R - an amulet of reflection
Wands
 c - a wand of digging (7)
 w - a wand of iceblast (7)
 x - a wand of polymorph (13)
 Q - a wand of flame (4)
Scrolls
 f - 12 scrolls of teleportation
 h - 2 scrolls of silence
 i - 7 scrolls of fog
 n - 3 scrolls of magic mapping
 o - 3 scrolls of blinking
 t - 4 scrolls of enchant armour
 v - 2 scrolls of poison
 P - 3 scrolls of fear
 Y - a scroll of noise {unknown}
Potions
 d - 12 potions of curing
 e - a potion of attraction {unknown}
 l - 2 potions of brilliance {unknown}
 u - 3 potions of might {unknown}
 z - a potion of resistance {unknown}
 A - 2 potions of ambrosia {unknown}
 D - 3 potions of flight {unknown}
 J - 3 potions of cancellation {unknown}
 O - a potion of invisibility
 V - a potion of haste {unknown}
 X - a potion of berserk rage {unknown}
Miscellaneous
 G - a piece from Xom's chessboard (15/15)
 U - a box of beasts


   Skills:
 + Level 13.9 Fighting
 + Level 16.9 Ranged Weapons
 - Level 5.0 Armour
 + Level 15.1 Dodging
 + Level 9.3 Stealth
 + Level 4.0 Ice Magic
 + Level 11.3 Invocations
 + Level 11.8 Evocations


You had 12 spell levels left.
You knew the following spells:

 Your Spells              Type           Power      Damage    Failure   Level
a - Ozocubu's Armour      Ice            8%         N/A       26%         3

Your spell library contained the following spells:

 Spells                   Type           Power      Damage    Failure   Level
 Ensorcelled Hibernation  Hex/Ice        8%         N/A       30%         2
 Apportation              Tloc           0%         N/A       43%         1
 Kiss of Death            Conj/Necr      0%         2d5       43%         1
 Magic Dart               Conj           0%         1d3       43%         1
 Necrotise                Necr           0%         1d4       43%         1
 Sandblast                Erth           0%         2d4       43%         1
 Shock                    Conj/Air       0%         1d3       43%         1
 Summon Small Mammal      Summ           0%         N/A       43%         1
 Call Imp                 Summ           0%         N/A       56%         2
 Cigotuvi's Dreadful Rot  Necr/Pois/Air  0%         N/A       56%         2
 Lesser Beckoning         Tloc           0%         N/A       56%         2
 Passwall                 Tmut/Erth      0%         N/A       56%         2
 Scorch                   Fire           0%         2d5       56%         2
 Static Discharge         Conj/Air       0%         2-2/arc   56%         2
 Sublimation of Blood     Necr           0%         N/A       56%         2
 Confusing Touch          Hex            0%         N/A       80%         3
 Gell's Gravitas          Tloc           0%         N/A       80%         3
 Ignite Poison            Fire/Tmut/Pois 0%         N/A       80%         3
 Mephitic Cloud           Conj/Pois/Air  0%         N/A       80%         3
 Stone Arrow              Conj/Erth      0%         3d7       80%         3
 Swiftness                Air            0%         N/A       80%         3
 Teleport Other           Tloc           0%         N/A       80%         3
 Vhi's Electric Charge    Tloc/Air       0%         N/A       80%         3
 Airstrike                Air            0%         2d(0-16)  99%         4
 Dispel Undead            Necr           0%         3d6       99%         4
 Flame Wave               Conj/Fire      0%         2d4       99%         4
 Petrify                  Tmut/Erth      0%         N/A       99%         4
 Summon Lightning Spire   Summ/Air       0%         N/A       99%         4
 Metabolic Englaciation   Hex/Ice        2%         N/A       99%         5
 Arcjolt                  Conj/Air       0%         1d10      100%        5
 Freezing Cloud           Conj/Ice/Air   1%         6-21      100%        5
 Irradiate                Conj/Tmut      0%         3d11      100%        5
 Simulacrum               Ice/Necr       2%         N/A       100%        6
 Summon Cactus Giant      Summ           0%         N/A       100%        6
 Storm Form               Tmut/Air       0%         N/A       100%        7
 Maxwell's Capacitive Co  Air            0%         ∞         100%        8


Dungeon Overview and Level Annotations

Branches:
Dungeon (15/15)            Temple (1/1) D:6            Lair (5/5) D:8
 Shoals (0/4) Lair:3       Spider (1/4) Lair:3          Orc (2/2) D:11
    Elf (0/3) Orc:2        Vaults (0/5) D:14
  Slime: Lair:4-5    Depths: D:15

Altars:
Ashenzari
Cheibriados
Dithmenos
Elyvilon
Fedhas
Gozag
Hepliaklqana
Kikubaaqudgha
Makhleb
Nemelex Xobeh
Okawaru
Qazlal
Ru
Sif Muna
Trog
Uskayaw
Wu Jian
Xom
Yredelemnul
Zin
The Shining One

Shops:
D:6 *   D:11 (   D:14 :(:   Orc:1 (   Orc:2 *?([

Annotations:
D:4 exclusion: ogre, Sigmund
D:5 exclusion: gnoll sergeant, Prince Ribbit
D:7 3 runed translucent doors
D:10 Maggie
D:11 2 runed translucent doors, exclusion: orange crystal statue
D:12 1 runed translucent door, exclusions: ice statue and obsidian statue, H0rd4k's ghost, journeyman HuAr
D:15 exclusion: rakshasa
Lair:1 3 runed translucent doors, Harold; MrAu's ghost, journeyman TeHu
Lair:3 exclusion: oklob plant
Lair:4 1 runed translucent door, exclusion: oklob plant, Nubia's ghost, journeyman GnEn
Lair:5 exclusion: oklob plant
Spider:1 Azrael
Orc:2 3 runed translucent doors, Peloso's ghost, journeyman MiFi


Innate Abilities, Weirdness & Mutations

You are small and have problems with some larger weapons.
You are completely attuned to the shadows.


Message History

You hear a faint skittering sound.
You hear a chilling moan.
You hear a faint skittering sound. x2
Casting: Ozocubu's Armour (dangerous; 26% risk of failure)
Confirm with . or Enter, or press ? or * to list all spells.
Okay, then.
You shoot an arrow.
The arrow hits Azrael but does no damage.
Azrael is heavily wounded.
Azrael completely misses you.
You shoot an arrow. The arrow hits Azrael!
Azrael is heavily wounded.
Azrael gestures at you.
The fireball explodes!
The fireball engulfs you!
The fireball engulfs Azrael.
Azrael completely resists.
You hear a faint skittering sound.
You shoot an arrow. The arrow hits Azrael.
Azrael is severely wounded.
Azrael hits you but does no damage. Azrael gestures at you.
The fireball explodes!
The fireball engulfs you!!
The fireball engulfs Azrael.
Azrael completely resists.
You hear a faint skittering sound. x2
You shoot an arrow. The arrow hits Azrael!!
Azrael is almost dead.
Azrael gestures at you.
The sphere of damnation explodes!
The damnation engulfs you!!!
* * * LOW HITPOINT WARNING * * *
The damnation engulfs Azrael.
Azrael completely resists.
You hear a faint skittering sound.
Okay, then.
Blink to where?
Press: ? - help, Dir - move target, p - Azrael
As you read the scroll of blinking, it crumbles to dust.
You draw a card...
You have drawn Degeneration.
Azrael evaporates and reforms as a hell hog!
Azrael twists and deforms.
Azrael breathes fire at you.
The fireball explodes!
The fireball engulfs you!!!
You die...
Your body glows slightly and disappears.

...#....^# ...###...#
..#..... ....^#...#
.#..).. ....#....#.#
#h..... ...####....# #.
#.○.... .#.###.##.## #..
#.h....
###........###.####.....#
##.............##.....###
............#^..@#...#..
............##..###.....
...........##...####....
..........##..(..# ....
..........##......#
.........#....)....
..........#........
.........##.......
....####.#.......


You could see Azrael the hell hog (catching breath, misshapen).

Vanquished Creatures
  3 hydras
  2 centaur warriors
  5 two-headed ogres
  5 catoblepae (Lair:5)
  2 dancing weapons (D:14)
  6 boulder beetles
  12 death yaks
  4 orc high priests
  Nergalle (D:11)
  Sonja (D:10)
  A skyshark (Lair:5)
  A skeletal warrior (D:15)
  A wizard (D:15)
  A swamp dragon (Lair:5)
  A lindwurm (D:15)
  A steelbarb worm (Lair:2)
  A phantasmal warrior (D:15)
  2 deep elf pyromancers
  4 orc knights (Orc:2)
  4 manticores
  3 orc sorcerers (Orc:2)
  5 ugly things
  3 cyclopes
  5 black mambas
  2 torpor snails
  2 gargoyles
  9 cane toads
  A kobold demonologist (D:7)
  3 rime drakes
  2 efreet
  7 komodo dragons
  A tengu conjurer (D:14)
  2 polar bears
  A wind drake (shapeshifter) (D:13)
  6 trolls
  3 meliai (D:15)
  A hornet (Lair:4)
  4 blink frogs
  3 slime creatures (D:14)
  A shadow (D:11)
  4 culicivoras
  47 yaks
  7 wyverns
  3 wraiths
  A steam dragon (D:7)
  4 basilisks
  3 fire elementals (Spider:1)
  A human (Lair:5)
  4 vampire mosquitoes (D:10)
  An acid dragon (D:8)
  5 wargs
  25 water moccasins
  A hell hound (Spider:1)
  28 orc warriors
  4 black bears
  2 ogres
  15 wolves
  10 centaurs
  3 phantoms
  A kobold brigand (D:9)
  A gnoll sergeant (D:7)
  13 bullfrogs
  5 scorpions
  4 wights (D:6)
  4 howler monkeys
  2 electric eels
  3 hounds
  23 orc priests
  An iron imp (D:7)
  Jessica (D:2)
  3 iguanas
  32 orc wizards
  A sleepcap (D:6)
  11 gnolls
  10 adders
  A shadow imp (D:5)
  2 white imps
  An ufetubus (D:7)
  A worm (Orc:2)
  4 dart slugs
  87 orcs
  11 ball pythons
  5 bats
  7 endoplasms
  6 giant cockroaches
  4 goblins
  9 hobgoblins
  5 jackals
  A quokka (Orc:2)
  6 frilled lizards
  12 kobolds
  7 rats
574 creatures vanquished.

Vanquished Creatures (collateral kills)
  The ghost of mistmaker the Warrior, a journeyman MiBe of Trog (Orc:1)
  A quicksilver ooze (Lair:5)
  A centaur warrior (D:15)
  A boulder beetle (D:15)
  Erica (Lair:2)
  A tengu warrior (D:14)
  2 death yaks
  A manticore (D:15)
  An ugly thing (D:14)
  3 slime creatures
  A rime drake (Lair:5)
  A tengu conjurer (D:15)
  2 blink frogs (Lair:1)
  7 yaks (Lair:3)
  A water moccasin (Lair:3)
25 creatures vanquished.

Grand Total: 599 creatures vanquished

Notes
Turn   | Place    | Note
-------+----------+-------------------------------------------
     0 | D:1      | disskorpion the Kobold Hunter began the quest for the Orb.
     0 | D:1      | Reached XP level 1. HP: 12/12 MP: 1/1
    99 | D:1      | Reached XP level 2. HP: 18/18 MP: 2/2
   320 | D:1      | Reached XP level 3. HP: 14/22 MP: 3/3
   580 | D:2      | Noticed Jessica
   581 | D:2      | Killed Jessica
   582 | D:2      | Reached XP level 4. HP: 28/28 MP: 4/4
   678 | D:2      | Reached skill level 6 in Ranged Weapons
   846 | D:2      | Found a glowing silver altar of Zin.
   901 | D:2      | Noticed an ogre
  1430 | D:3      | Reached skill level 1 in Evocations
  1430 | D:3      | Reached XP level 5. HP: 32/32 MP: 5/5
  1720 | D:3      | Reached XP level 6. HP: 37/37 MP: 6/6
  1985 | D:3      | Identified the +2 troll leather armour of Monufroi {Drain
                  | rPois rN+ Regen+ rCorr}
  2016 | D:3      | Found a white marble altar of Elyvilon.
  2269 | D:4      | Noticed an ogre
  3114 | D:4      | Found a hazy altar of Hepliaklqana.
  3114 | D:4      | Found an opulent altar of Gozag.
  3115 | D:4      | Found a shimmering altar of Xom.
  3118 | D:4      | Found an opulent altar of Gozag.
  3118 | D:4      | Found a hide-covered altar of Uskayaw.
  3118 | D:4      | Found a broken altar of Ashenzari.
  3203 | D:4      | Noticed Sigmund
  3255 | D:4      | Found a shadowy altar of Dithmenos.
  3403 | D:5      | Entered Level 5 of the Dungeon
  3432 | D:5      | Reached skill level 7 in Ranged Weapons
  3432 | D:5      | Reached XP level 7. HP: 25/43 MP: 7/7
  3864 | D:4      | Reached skill level 5 in Dodging
  4136 | D:5      | Reached XP level 8. HP: 46/48 MP: 8/8
  4184 | D:5      | Reached skill level 5 in Fighting
  4494 | D:5      | Noticed Prince Ribbit
  4641 | D:5      | Reached skill level 8 in Ranged Weapons
  4769 | D:5      | Found a shimmering blue altar of Sif Muna.
  5144 | D:6      | Found a staircase to the Ecumenical Temple.
  5155 | Temple   | Entered the Ecumenical Temple
  5157 | Temple   | Reached skill level 5 in Evocations
  5360 | D:6      | Found an ornate altar of the Wu Jian Council.
  5434 | D:6      | Found Merofaj's Serpentskin Sales.
  5626 | D:6      | Reached XP level 9. HP: 44/55 MP: 9/9
  6230 | D:7      | Reached skill level 9 in Ranged Weapons
  7279 | D:7      | Found a runed translucent gate.
  7279 | D:7      | Found a runed translucent gate.
  7279 | D:7      | Found a runed translucent gate.
  7633 | D:7      | Found a snail-covered altar of Cheibriados.
  7848 | D:8      | Reached skill level 10 in Ranged Weapons
  8044 | D:8      | Reached XP level 10. HP: 57/63 MP: 10/10
  8247 | D:8      | Found a glowing golden altar of the Shining One.
  8738 | D:8      | Noticed a kobold demonologist
  8754 | D:7      | Killed a kobold demonologist
  8755 | D:7      | Reached skill level 11 in Ranged Weapons
  8836 | D:8      | Found a staircase to the Lair.
  9177 | D:9      | Reached skill level 1 in Armour
  9575 | D:9      | Found a sparkling altar of Nemelex Xobeh.
  9579 | D:9      | Became a worshipper of Nemelex Xobeh the Trickster
  9670 | D:9      | Noticed a boulder beetle
  9695 | D:9      | Reached XP level 11. HP: 66/69 MP: 11/11
 10171 | D:8      | Killed a boulder beetle
 10274 | Lair:1   | Entered Level 1 of the Lair of Beasts
 10340 | Lair:1   | Noticed a minotaur
 10340 | Lair:1   | Noticed MrAu's ghost (journeyman TeHu)
 10486 | Lair:1   | Reached skill level 10 in Dodging
 10679 | Lair:1   | Noticed Harold
 10726 | Lair:1   | Reached * piety under Nemelex Xobeh
 10747 | Lair:1   | Noticed a death yak
 10820 | Lair:1   | Reached skill level 12 in Ranged Weapons
 11130 | Lair:1   | Received a gift from Nemelex Xobeh
 11171 | Lair:1   | Found a runed translucent gate.
 11172 | Lair:1   | Found a runed translucent gate.
 11177 | Lair:1   | Found a runed translucent gate.
 11379 | Lair:1   | Reached skill level 10 in Evocations
 11648 | Lair:1   | Noticed a death yak
 11700 | Lair:1   | Noticed a death yak
 11926 | D:10     | Entered Level 10 of the Dungeon
 11978 | D:10     | Noticed Maggie
 12198 | D:10     | Noticed a two-headed ogre
 12202 | D:10     | Killed a two-headed ogre
 12203 | D:10     | Reached skill level 10 in Fighting
 12203 | D:10     | Reached XP level 12. HP: 77/77 MP: 12/12
 12329 | D:10     | Reached ** piety under Nemelex Xobeh
 12430 | D:10     | Received a gift from Nemelex Xobeh
 12434 | D:10     | Noticed Sonja
 12439 | D:10     | Killed Sonja
 12626 | D:10     | Found an ancient bone altar of Kikubaaqudgha.
 13130 | D:11     | Noticed Nergalle
 13130 | D:11     | Noticed a two-headed ogre
 13183 | D:11     | Killed a two-headed ogre
 13184 | D:11     | Reached skill level 13 in Ranged Weapons
 13434 | D:11     | Found a staircase to the Orcish Mines.
 13570 | D:11     | Reached *** piety under Nemelex Xobeh
 13572 | D:11     | Found Ufoskafi's Weapon Shop.
 13584 | D:11     | Noticed a boulder beetle
 13598 | D:11     | Killed a boulder beetle
 13855 | D:11     | Received a gift from Nemelex Xobeh
 13869 | D:11     | Found a large runed translucent door.
 13869 | D:11     | Found a large runed translucent door.
 14240 | D:11     | Killed Nergalle
 14241 | D:11     | Reached skill level 5 in Stealth
 14421 | D:12     | Found a runed translucent door.
 14421 | D:12     | Noticed H0rd4k's ghost (journeyman HuAr)
 14976 | D:12     | Received a gift from Nemelex Xobeh
 15185 | D:12     | Reached **** piety under Nemelex Xobeh
 15379 | D:13     | Noticed a centaur warrior
 15874 | D:13     | Noticed a boulder beetle
 15889 | D:13     | Killed a boulder beetle
 15991 | D:14     | Noticed a centaur warrior
 16036 | D:14     | Found Soimm's Book Shoppe.
 16051 | D:14     | Killed a centaur warrior
 16057 | D:14     | Reached XP level 13. HP: 78/84 MP: 13/13
 16274 | D:14     | Found Joof's Book Boutique.
 16521 | Lair:1   | Reached skill level 14 in Ranged Weapons
 16931 | Lair:2   | Received a gift from Nemelex Xobeh
 17061 | Lair:2   | Reached skill level 1 in Invocations
 17208 | Lair:2   | Reached skill level 5 in Armour
 17320 | Lair:2   | Noticed Fannar
 17325 | Lair:2   | Noticed Erica
 17575 | Lair:2   | Reached ***** piety under Nemelex Xobeh
 17713 | Lair:2   | Received a gift from Nemelex Xobeh
 18418 | Lair:3   | Received a gift from Nemelex Xobeh
 18424 | Lair:3   | Found a staircase to the Shoals.
 18440 | Lair:3   | Found a hazy altar of Hepliaklqana.
 18824 | Lair:3   | Received a gift from Nemelex Xobeh
 18830 | Lair:3   | Noticed a five-headed hydra
 18832 | Lair:3   | Killed a five-headed hydra
 18833 | Lair:3   | Reached skill level 5 in Invocations
 19088 | Lair:3   | Found a hole to the Spider Nest.
 19410 | Lair:2   | Killed Erica
 19426 | Lair:2   | Fannar changed into Fannar the steelbarb worm
 19426 | Lair:2   | Noticed Fannar
 19434 | Lair:2   | Killed Fannar the steelbarb worm
 19623 | Lair:4   | Noticed a seven-headed hydra
 19688 | Lair:4   | Received a gift from Nemelex Xobeh
 19807 | Lair:4   | Reached skill level 15 in Ranged Weapons
 19807 | Lair:4   | Reached XP level 14. HP: 92/92 MP: 18/18
 19952 | Lair:4   | Identified the ring of Vanity {Fly rPois rC- Int+5 Slay+2}
 20121 | Lair:4   | Received a gift from Nemelex Xobeh
 20326 | Lair:4   | Found a runed translucent door.
 20634 | Lair:4   | You are sucked into a shaft and drop 1 floor!
 20634 | Lair:5   | Entered Level 5 of the Lair of Beasts
 21230 | Lair:4   | Noticed Nubia's ghost (journeyman GnEn)
 21431 | Lair:4   | Identified the +1 trident of the Tomato {heavy, Fragile
                  | rPois Str+5}
 21579 | Lair:5   | Received a gift from Nemelex Xobeh
 22145 | Lair:5   | a death yak changed into a quicksilver ooze
 22145 | Lair:5   | Noticed a quicksilver ooze
 22151 | Lair:5   | Killed a quicksilver ooze
 22281 | Lair:5   | Reached skill level 16 in Ranged Weapons
 22281 | Lair:5   | Reached XP level 15. HP: 98/98 MP: 22/22
 22707 | Lair:5   | Learned a level 3 spell: Ozocubu's Armour
 22739 | Lair:5   | Reached ****** piety under Nemelex Xobeh
 22739 | Lair:5   | Received a gift from Nemelex Xobeh
 23656 | D:14     | Received a gift from Nemelex Xobeh
 23686 | D:14     | Found Bipakhleu's Antique Weapon Shoppe.
 23791 | D:13     | Reached skill level 10 in Invocations
 23834 | D:14     | Reached skill level 1 in Ice Magic
 23845 | D:14     | Noticed Agnes
 23848 | D:14     | Agnes changed into Agnes the torpor snail
 23848 | D:14     | Noticed Agnes
 23854 | D:14     | Killed Agnes the torpor snail
 23970 | D:14     | Found a gate to the Vaults.
 24419 | D:15     | Entered Level 15 of the Dungeon
 24555 | D:15     | Received a gift from Nemelex Xobeh
 25004 | D:15     | Received a gift from Nemelex Xobeh
 25196 | D:15     | Identified the +3 dagger of Summertime {freeze, +Blink
                  | rPois Will+}
 25284 | Orc:1    | Entered Level 1 of the Orcish Mines
 25302 | Orc:1    | Found a runed translucent gate.
 25303 | Orc:1    | Found a runed translucent gate.
 25398 | Orc:1    | Found Xael Jue's Weapon Boutique.
 25425 | Orc:1    | Found a runed translucent gate.
 25428 | Orc:1    | Noticed mistmaker's ghost (journeyman MiBe)
 25744 | Orc:1    | Received a gift from Nemelex Xobeh
 25888 | Orc:1    | Killed mistmaker's ghost
 25940 | Orc:2    | Entered Level 2 of the Orcish Mines
 26225 | Orc:2    | Found a runed translucent gate.
 26226 | Orc:2    | Found a runed translucent gate.
 26227 | Orc:2    | Found a runed translucent gate.
 26237 | Orc:2    | Noticed Peloso's ghost (journeyman MiFi)
 26249 | Orc:2    | Found a staircase to the Elven Halls.
 26444 | Orc:2    | Received a gift from Nemelex Xobeh
 26559 | Orc:2    | Reached skill level 15 in Dodging
 26587 | Orc:2    | Reached XP level 16. HP: 105/105 MP: 24/24
 26617 | Orc:2    | Found Racenure's Assorted Antiques.
 26617 | Orc:2    | Found Com Jeo's Magic Scroll Shop.
 26632 | Orc:2    | Found Foubemud's Weapon Emporium.
 26632 | Orc:2    | Found Woruoff's Armour Shop.
 26641 | Orc:2    | Bought a scroll of enchant weapon for 90 gold pieces
 26641 | Orc:2    | Bought a scroll of enchant weapon for 90 gold pieces
 26646 | Orc:2    | Bought a scroll of identify for 46 gold pieces
 26646 | Orc:2    | Bought a viscous green potion for 20 gold pieces
 26646 | Orc:2    | Bought a gluggy blue potion for 20 gold pieces
 26646 | Orc:2    | Bought a fuming grey potion for 20 gold pieces
 26646 | Orc:2    | Bought a scroll labelled ICZUUTI ZETUCW for 23 gold pieces
 26646 | Orc:2    | Bought a scroll of teleportation for 69 gold pieces
 26646 | Orc:2    | Identified 2 scrolls of acquirement
 26826 | Orc:2    | Identified the amulet "Joupud" {Reflect Drain rCorr Int+4
                  | Dex+2 SH+5}
 26882 | Orc:1    | Acquired the +0 hat "Zosch" {Will+}
 26885 | Orc:1    | Acquired a scarf of invisibility
 27170 | Spider:1 | Entered Level 1 of the Spider Nest
 27244 | Spider:1 | Noticed Azrael
 27253 | Spider:1 | Azrael changed into Azrael the hell hog
 27253 | Spider:1 | Noticed Azrael
 27253 | Spider:1 | Killed from afar by Azrael the hell hog

Illustrated notes

Levels and vault maps discovered:
D:1:      matt_arrival_grand_opening, layout_rooms, st_stairs_11
D:2:      layout_rooms, basic_altar, uniq_jessica
D:3:      layout_loops_ring, mainiacjoe_overflow_alcove_1
D:4:      layout_gridville, nicolae_dithmenos_through_a_glass_darkly,
          doesnt_xom_only_xom, uniq_sigmund
D:5:      layout_gridville, marbit_many_paths, lemuel_blue_sif_altar,
          uniq_prince_ribbit1
D:6:      layout_basic, nicolae_wu_jian_immortal_techniques,
          minmay_temple_entry_stoned_glass, guppyfry_shop_venom
D:7:      layout_basic, chei_slow_surprise, ebering_ghost_rock_garden,
          serial_rivers, chequers_serial_rivers_micro_d,
          chequers_serial_rivers_room_b, chequers_serial_rivers_small_3,
          chequers_serial_rivers_micro_c, chequers_serial_rivers_room_a
D:8:      layout_basic, tso_oasis_becter, due_lair_maze_entry_diamond
D:9:      layout_irregular_city, nemelex_diamond_rough_becter,
          hellmonk_bongcloud_opening
D:10:     layout_loops_ring, mainiacjoe_overflow_surrounded_room,
          kennysheep_generic_room_9, uniq_maggie, uniq_sonja
D:11:     due_chaos_kobolds, layout_irregular_city, david_orc_3, serial_shops,
          nicolae_shop_advertising_works [nicolae_subvault_shop_adworks],
          lightli_orcish_oven, uniq_nergalle
D:12:     minmay_separated_statues, layout_long_grid,
          hellmonk_ghost_happy_afterlife
D:13:     layout_basic
D:14:     layout_cave_pools, erik_vaults_1, nrook_pool_corridor, serial_shops,
          nicolae_book_shop_shelving, nicolae_book_shop_shelving,
          nicolae_shop_rolling_square, uniq_agnes
D:15:     gammafunk_enter_depths_forms, layout_rooms, minmay_starry_boxes
Temple:   nicolae_temple_no_exploring_needed
Lair:1:   layout_gridlike, maelrawn_ghost_gauntlet_escape, columned_hall_lemuel,
          uniq_harold
Lair:2:   layout_regular_city, gauntlet_entry_generic, uniq_erica, uniq_fannar
Lair:3:   layout_chaotic_city, elwin_shoals_entry_rocks,
          hellmonk_spider_entry_life_and_decay, lemuel_oklob_altar,
          grunt_megastairs_4
Lair:4:   layout_cellular_growth, ebering_ghost_funeral_grove,
          beast_lair_carwin_9, infiniplex_staircase_pool, grunt_megastairs_3
Lair:5:   evilmike_catoblepas_cave, layout_misc_corridors,
          minmay_slime_entry_oklob_enclosed, grunt_megastairs_1
Spider:1: layout_chambers, uniq_azrael
Orc:1:    layout_diamond_mine, serial_shops, shop, ebering_ghost_rock_garden,
          bh_open_orc_temple
Orc:2:    grunt_orc_tribal_feast, layout_caves, biasface_ghost_orc_armoury

Skill      XL: |  1  2  3  4  5  6  7  8  9 10 11 12 13 14 15 16 |
---------------+-------------------------------------------------+-----
Stealth        | 2 3 5 6 9 |  9.3
Dodging        | 3 4 5 6 8 9 10 12 13 14 15 | 15.1
Fighting       | 3 4 6 7 8 10 11 12 13 | 13.9
Ranged Weapons | 6 7 8 10 11 12 13 15 16 | 16.9
Evocations     | 1 3 4 5 7 8 10 11 | 11.8
Armour         | 1 3 4 5 |  5.0
Invocations    | 6 9 11 | 11.3
Ice Magic      | 3 4 |  4.0

Action                     |  1- 3 |  4- 6 |  7- 9 | 10-12 | 13-15 | 16-18 || total
---------------------------+-------+-------+-------+-------+-------+-------++-------
  Melee: Shortbow          |       |       |       |       |     4 |       ||     4
   Fire: Shortbow          |    50 |   189 |   393 |   610 |  1163 |    45 ||  2450
  Throw: Throwing net      |       |       |     1 |     4 |       |       ||     5
         Dart              |       |       |       |    11 |    10 |       ||    21
 Invoke: Draw Destruction  |       |       |       |    20 |    68 |     6 ||    94
         Draw Summoning    |       |       |       |     2 |    14 |       ||    16
         Draw Escape       |       |       |       |     2 |     7 |       ||     9
  Evoke: Wand              |       |       |       |    13 |       |       ||    13
         Piece from Xom's  |       |       |       |     8 |     1 |       ||     9
    Use: Scroll            |       |     3 |     3 |     3 |     6 |    10 ||    25
         Potion            |       |       |       |     2 |     4 |       ||     6
 Armour: Leather armour    |     8 |    21 |    98 |    15 |       |       ||   142
         Acid dragon scale |       |       |       |    49 |    62 |       ||   111
         Troll leather arm |       |       |       |       |    27 |     4 ||    31
  Dodge: Dodged            |    36 |    80 |   335 |   395 |  1023 |    44 ||  1913
  Block: Other             |       |       |       |       |    17 |       ||    17
         Reflection        |       |       |       |       |     2 |       ||     2
